 Dungeon Crawl Stone Soup version 0.30.0-29-ga12c61a403 (webtiles) character file.

Game seed: 4341031194816328025

500 growler the Vexing (level 6, -1/41 HPs)
             Began as a Vampire Enchanter on June 7, 2023.
             Was an Initiate of Ru.
             Succumbed to a scorpion's poison
             ... on level 5 of the Dungeon.
             The game lasted 00:15:40 (4515 turns).

growler the Vexing (Vampire Enchanter)              Turns: 4515, Time: 00:15:42

Health: -1/41      AC:  4    Str:  9    XL:     6   Next: 94%
Magic:  2/12       EV: 13    Int: 17    God:    Ru [......]
Gold:   326        SH:  0    Dex: 15    Spells: 5/13 levels left

rFire   . . .        r - +1 dagger (flame)
rCold   . . .        (no shield)
rNeg    . . .        b - +0 robe
rPois   .            (no helmet)
rElec   .            (no cloak)
rCorr   .            (no gloves)
SInv    +            w - +1 pair of boots of Context {Slay+5}
Will    .....        (no amulet)
Stlth   +++          (no ring)
HPRegen 0.46/turn    (no ring)
MPRegen 0.13/turn

%: no passive effects
@: lethally poisoned (-1 -> -7), healing quickly
A: alive, fangs 3, see invisible, vampiric 2
a: Exsanguinate, Renounce Religion


You were on level 5 of the Dungeon.
You worshipped Ru.
Ru was noncommittal.
You visited 2 branches of the dungeon, and saw 6 of its levels.

You collected 326 gold pieces.

Inventory:

Hand Weapons
 a - a +1 dagger
 r - a +1 dagger of flaming (weapon)
Missiles
 p - a throwing net (quivered)
Armour
 b - a +0 robe (worn)
 w - the +1 pair of boots of Context (worn) {Slay+5}
   (You found it on level 4 of the Dungeon)

   Slay:      It affects your accuracy & damage with ranged weapons and melee
   (+5).
Jewellery
 d - an amulet of faith
 f - a ring of positive energy
Scrolls
 e - 3 scrolls of teleportation {unknown}
 g - 2 scrolls of amnesia {unknown}
 h - a scroll of acquirement {unknown}
 i - a scroll of fog {unknown}
 j - 2 scrolls of torment {unknown}
 l - 3 scrolls of identify {unknown}
 s - 3 scrolls of fear {unknown}
Potions
 c - 2 potions of invisibility
 k - 2 potions of heal wounds {unknown}
 m - 2 potions of berserk rage {unknown}
 n - a potion of mutation {unknown}
 o - a potion of flight {unknown}
 q - a potion of might {unknown}
 t - a potion of lignification {unknown}
 u - a potion of cancellation {unknown}
 v - a potion of haste {unknown}
 x - a potion of curing {unknown}


   Skills:
 + Level 4.3 Short Blades
 - Level 2.8 Dodging
 - Level 5.2 Stealth
 - Level 4.0 Spellcasting
 + Level 7.2 Hexes


You had 5 spell levels left.
You knew the following spells:

 Your Spells              Type           Power      Damage    Failure   Level
a - Ensorcelled Hibernat  Hex/Ice        30%        N/A       5%          2
b - Confusing Touch       Hex            28%        N/A       2%          3
c - Tukima's Dance        Hex            28%        N/A       2%          3

Your spell library contained the following spells:

 Spells                   Type           Power      Damage    Failure   Level
 Dazzling Flash           Conj/Hex       30%        N/A       11%         3
 Ignite Poison            Fire/Tmut/Pois 3%         N/A       43%         3
 Metabolic Englaciation   Hex/Ice        7%         N/A       69%         5
 Petrify                  Tmut/Erth      3%         N/A       83%         4
 Sticky Flame             Conj/Fire      3%         2d3       83%         4
 Statue Form              Tmut/Erth      2%         N/A       100%        6
 Ignition                 Fire           1%         3d3       100%        8


Dungeon Overview and Level Annotations

Branches:
Dungeon (5/15)             Temple (1/1) D:5

Altars:
Fedhas
Gozag
Hepliaklqana
Kikubaaqudgha
Makhleb
Okawaru
Ru
Uskayaw
Vehumet
Wu Jian
Yredelemnul

Shops:
D:1 ?   D:4 (


Innate Abilities, Weirdness & Mutations

Your natural rate of healing is accelerated.
You have razor-sharp teeth.
You have supernaturally acute eyesight. (SInv)
You are afflicted with vampirism and can become a bat while bloodless.


Message History

The scorpion poisons you!
You hit the scorpion but do no damage.
You feel very sick.
You hit the scorpion but do no damage. You bite the scorpion.
The scorpion is moderately wounded.
You feel sick. The scorpion stings you.
Casting: Ensorcelled Hibernation (safe; 5% risk of failure)
Confirm with . or Enter, or press ? or * to list all spells.
Okay, then.
You hit the scorpion but do no damage.
The scorpion is moderately wounded.
You feel sick. The scorpion barely misses you.
You hit the scorpion but do no damage.
The scorpion is moderately wounded.
You feel sick. The scorpion barely misses you.
You completely miss the scorpion.
The scorpion is moderately wounded.
You feel sick. The scorpion closely misses you.
You hit the scorpion. You burn the scorpion.
The scorpion is severely wounded.
You feel sick. The scorpion stings you.
* * * LOW HITPOINT WARNING * * *
You are lethally poisoned!
The scorpion poisons you!
You hit the scorpion. You burn the scorpion.
You kill the scorpion!
* * * LOW HITPOINT WARNING * * *
You feel very sick.
Training target 4.0 for Spellcasting reached!
Your Spellcasting skill increases to level 4!
Unknown command.
Okay, then.
Keep bloodletting?
* * * LOW HITPOINT WARNING * * *
You feel very sick.
You begin bloodletting.
You continue bloodletting.
* * * LOW HITPOINT WARNING * * *
You feel sick.
You continue bloodletting.
You die...

#.......# #.#.#
#.......#
#####.#.#
#.......#
###.....#.###
#.#####.#
#...........#
..# #.#
#.#.#.#.#.#.#
#.#
##........$..#
..#
#..#.......#.##
......†.........
##$#...@...#..##
#............#
...#.......#..#
#.............#
##.#.#.#.#.#..#
#............#
###..###.#/#.#
##. .#.#^#


There were no monsters in sight!

Vanquished Creatures
  An ice beast (D:5)
  A scorpion (D:5)
  An orc priest (D:3)
  A hound (D:4)
  Terence (D:2)
  10 adders
  7 gnolls
  4 dart slugs
  7 orcs
  8 ball pythons
  5 endoplasms
  3 giant cockroaches (D:1)
  7 goblins
  5 hobgoblins
  14 jackals
  2 quokkas
  5 bats
  4 frilled lizards
  5 kobolds
  10 rats
101 creatures vanquished.

Notes
Turn   | Place    | Note
-------+----------+-------------------------------------------
     0 | D:1      | growler the Vampire Enchanter began the quest for the Orb.
     0 | D:1      | Reached XP level 1. HP: 13/13 MP: 3/3
   139 | D:1      | Found Xyihivvu's Magic Scroll Shoppe.
   270 | D:1      | Reached XP level 2. HP: 15/19 MP: 5/5
   277 | D:1      | Learned a level 2 spell: Ensorcelled Hibernation
   728 | D:1      | Gained mutation: You are afflicted with vampirism and can
                  | become a bat while bloodless. [Vampire growth]
   728 | D:1      | Reached XP level 3. HP: 24/24 MP: 3/6
  1529 | D:2      | Reached skill level 5 in Stealth
  1617 | D:2      | Noticed Terence
  1624 | D:2      | Killed Terence
  1625 | D:2      | Reached skill level 5 in Hexes
  1666 | D:2      | Reached XP level 4. HP: 30/30 MP: 7/7
  1670 | D:2      | Learned a level 3 spell: Confusing Touch
  1674 | D:2      | Learned a level 3 spell: Tukima's Dance
  2486 | D:3      | Reached XP level 5. HP: 34/35 MP: 6/9
  2713 | D:3      | Found an ornate altar of the Wu Jian Council.
  2779 | D:3      | Reached skill level 6 in Hexes
  2800 | D:3      | Found a blossoming altar of Fedhas.
  3084 | D:4      | Identified the +1 pair of boots of Context {Slay+5}
  3353 | D:4      | Reached XP level 6. HP: 33/41 MP: 1/11
  3505 | D:4      | Found a burning altar of Makhleb.
  3643 | D:4      | Found Giss's Weapon Boutique.
  4006 | D:5      | Entered Level 5 of the Dungeon
  4252 | D:5      | Found a staircase to the Ecumenical Temple.
  4252 | D:5      | Noticed an ice beast
  4263 | Temple   | Entered the Ecumenical Temple
  4474 | Temple   | Became a worshipper of Ru the Awakened
  4502 | D:5      | Killed an ice beast
  4503 | D:5      | Reached skill level 7 in Hexes
  4513 | D:5      | HP: 2/41 [poisoned by a scorpion]
  4515 | D:5      | Succumbed to a scorpion's poison

Illustrated notes

Levels and vault maps discovered:
D:1:      spicycebolla_arrival_ecumenical, layout_loops_corners, serial_shops,
          nicolae_shop_just_a_little_nook, roderic_serpentine_path
D:2:      layout_loops_ring, uniq_terence
D:3:      layout_rooms, fedhas_altar_1, nicolae_overflow_hidden_temple,
          nicolae_tso_swordbearing_angel, item_on_display_a
D:4:      layout_loops_ring, makhleb_heckhound_becter, serial_shops,
          nicolae_shop_behind_doors, minmay_gold_behind_fungi
D:5:      layout_loops_ring, minmay_temple_entry_glass, serial_shops, shop,
          uniq_sigmund
Temple:   chequers_temple_sunken

Skill      XL: |  1  2  3  4  5  6 |
---------------+-------------------+-----
Stealth        | 5 |  5.2
Short Blades   | 2 3 4 |  4.3
Hexes          | 5 6 7 |  7.2
Spellcasting   | 3 4 |  4.0
Dodging        | |  2.8

Action                     |  1- 3 |  4- 6 || total
---------------------------+-------+-------++-------
  Melee: Dagger            |    91 |   111 ||   202
         Bite              |     5 |     7 ||    12
         Punch             |     1 |     1 ||     2
  Throw: Throwing net      |       |     2 ||     2
   Cast: Ensorcelled Hiber |    10 |    45 ||    55
         Confusing Touch   |       |     5 ||     5
Ability: Exsanguinate      |       |     1 ||     1
   Stab: Sleeping          |    16 |    35 ||    51
         Confused          |       |     2 ||     2
 Armour: Robe              |    16 |    17 ||    33
  Dodge: Dodged            |    50 |    74 ||   124
